 Dungeon Crawl Stone Soup version 0.30-a0-42-g806c11bf1d (webtiles) character file.

Game seed: 10646388283030954442

9 Destapler the Shield-Bearer (level 2, 29/29 HPs)
             Began as a Troll Fighter on Aug 30, 2022.
             Was a Follower of Sif Muna.
             Got out of the dungeon alive.
             The game lasted 00:00:50 (261 turns).

Destapler the Shield-Bearer (Troll Fighter)          Turns: 261, Time: 00:00:50

Health: 29/29      AC:  4    Str: 23    XL:     2   Next: 3%
Magic:  1/1        EV:  8    Int:  4    God:    Sif Muna [*.....]
Gold:   39         SH:  7    Dex:  9    Spells: 1/1 levels left

rFire   . . .      SeeInvis .    a - +0 flail
rCold   . . .      Faith    .    c - +0 kite shield
rNeg    . . .      Spirit   .    b - +0 robe
rPois   +          Reflect  .    (helmet restricted)
rElec   .          Harm     .    (no cloak)
rCorr   .          Rampage  .    (gloves unavailable)
Will    .....                    (boots unavailable)
Stlth   +.........               (no amulet)
HPRegen 0.89/turn                e - ring of poison resistance
MPRegen 0.07/turn                (no ring)

@: no status effects
A: large, unfitting armour, claws 3, regeneration 1, shaggy fur 1, tough skin 1
a: Renounce Religion, Channel Magic


You escaped.
You worshipped Sif Muna.
Sif Muna was aware of your devotion.
You visited 1 branch of the dungeon, and saw 1 of its levels.

You collected 39 gold pieces.

Inventory:

Hand Weapons
 a - a +0 flail (weapon)
Armour
 b - a +0 robe (worn)
 c - a +0 kite shield (worn)
Jewellery
 e - a ring of poison resistance (left claw)
Potions
 d - a potion of might
 f - a potion of resistance {unknown}


   Skills:
 + Level 2.5 Fighting
 + Level 2.0 Maces & Flails
 + Level 2.5 Dodging
 + Level 2.8 Shields


You had one spell level left.
You didn't know any spells.
Your spell library was empty.

Dungeon Overview and Level Annotations

Branches:
Dungeon (1/15)

Altars:
Sif Muna


Innate Abilities, Weirdness & Mutations

You are too large for most types of armour.
You have claws for hands.
Your natural rate of healing is unusually fast.
You are covered in fur. (AC +1)
You have tough skin. (AC +1)


Message History

The hobgoblin is severely wounded.
The hobgoblin barely misses you.
A hobgoblin is nearby!
You hit the hobgoblin.
The hobgoblin is almost dead.
The hobgoblin hits you but does no damage.
The hobgoblin hits you.
You barely miss the hobgoblin.
The hobgoblin is severely wounded.
The hobgoblin hits you.
You closely miss the hobgoblin.
The hobgoblin is severely wounded.
You block the hobgoblin's attack. The hobgoblin closely misses you.
You hit the hobgoblin.
You kill the hobgoblin!
Your Maces & Flails skill increases to level 2!
You have reached level 2!
You see here a hobgoblin corpse.
Found a faded altar of an unknown god.
No target in view!
f - a golden potion No target in view!
There is a faded altar of an unknown god here.
A rat comes into view.
A rat is nearby!
The rat barely misses you.
You sock the rat!
You kill the rat!
There is a faded altar of an unknown god here.
You cannot tell which god this altar belongs to.
Convert to them anyway?
Sif Muna accepts your prayer! Sif Muna welcomes you!
You can now call upon Sif Muna for magical energy.
Found 9 gold pieces.
Found a stone staircase leading down.
You open the gate.
There is an open gate here.
There is a staircase leading out of the dungeon here.
Are you sure you want to leave the Dungeon?
This will make you lose the game!
You have escaped!

#. #...#.###.###[.
#.####..# #.....#.. #
#...##..###.#.#.#..
#.####..........#.#.###
#...........###.#.# #
#..##'''##..# #.#.#
#..#.....#..###.#.#
#..#.....#.........
#..#..@..#...##.###
#..#.....#.#.##.# #.
##'''##...##.# #
#.......#.# ########..#
.## .# #. ). #.# #.
##.##


There were no monsters in sight!

Vanquished Creatures
  An endoplasm (D:1)
  A goblin (D:1)
  2 hobgoblins (D:1)
  A kobold (D:1)
  3 rats (D:1)
8 creatures vanquished.

Notes
Turn   | Place    | Note
-------+----------+-------------------------------------------
     0 | D:1      | Destapler the Troll Fighter began the quest for the Orb.
     0 | D:1      | Reached XP level 1. HP: 22/22 MP: 0/0
   146 | D:1      | Reached XP level 2. HP: 29/29 MP: 1/1
   152 | D:1      | Found a faded altar of an unknown god.
   178 | D:1      | Prayed at the altar of an unknown god.
   178 | D:1      | Became a worshipper of Sif Muna the Loreminder
   178 | D:1      | Reached * piety under Sif Muna
   261 | D:$      | Got out of the dungeon alive.

Illustrated notes

Levels and vault maps discovered:
D:1:      dpeg_arrival_windows_large_door, layout_basic,
          hellmonk_ecumenical_altar_crossroads

Skill      XL: |  1 |
---------------+----+-----
Maces & Flails | 2 |  2.0
Fighting       | |  2.5
Dodging        | |  2.5
Shields        | |  2.8

Action                   || total
-------------------------++-------
Melee: Flail             ||    24
Armor: Robe              ||     7
Dodge: Dodged            ||    14
Block: Kite shield       ||    15

Table legend: (Time is in decaauts)
 A = Elapsed time spent in this place.
 B = Non-inter-level travel time spent in this place.
 C = Inter-level travel time spent in this place.
 D = Time resting spent in this place.
 E = Time spent auto-exploring this place.
 F = Levels seen in this place.
 G = Mean time per level.
                   A        B        C        D        E       F      G
               +--------+--------+--------+--------+--------+-----+--------+
         Total |    271 |    190 |     81 |      0 |    104 |   1 |  271.0 |
       Dungeon |    271 |    190 |     81 |      0 |    104 |   1 |  271.0 |
               +--------+--------+--------+--------+--------+-----+--------+

Top non-repeatable levels by time:
     D:1: 271 daAuts
